 Dungeon Crawl Stone Soup version 0.25.0-15-gac7dcb8 (webtiles) character file.

Game seed: 6331923208520266056

270 2bobheroes the Slasher (level 6, -7/63 HPs)
             Began as an Octopode Monk on June 28, 2020.
             Killed from afar by Ijyb (8 damage)
             ... with a bolt of acid
             ... on level 3 of the Dungeon.
             The game lasted 00:08:04 (3131 turns).

2bobheroes the Slasher (Octopode Monk)              Turns: 3131, Time: 00:08:04

Health: -7/63      AC: 15    Str: 10    XL:     6   Next: 22%
Magic:  6/6        EV:  2    Int: 13    God:
Gold:   132        SH:  0    Dex: 16    Spells: 5/5 levels left

rFire    + . .     SeeInvis .   a - +0 falchion
rCold    + . .     Gourm    .   (no shield)
rNeg     + + +     Faith    .   (helmet currently unavailable)
rPois    +         Spirit   .   (no amulet)
rElec    +         Reflect  .   (no ring)
rCorr    +         Harm     .   (no ring)
MR       .....     NoTele   +   (no ring)
Stlth    +++.......             (no ring)
HPRegen  0.20/turn              (no ring)
MPRegen  0.10/turn              (no ring)
                                (no ring)
                                (no ring)

@: tree-form, resistant, corroded, stab
A: almost no armour, stealthy swim, (amphibious), 8 rings, (constrict 8)
a: no special abilities


You were on level 3 of the Dungeon.
You were not hungry.
You were a tree.
You visited 1 branch of the dungeon, and saw 3 of its levels.

You collected 132 gold pieces.

Inventory:

Hand Weapons
 a - a +0 falchion (weapon)
 g - a +0 hunting sling
 u - a cursed -2 war axe
Missiles
 d - 3 javelins
 f - 173 stones (quivered)
 j - 11 bolts
 m - 42 arrows
Jewellery
 w - an uncursed ring of protection from cold {unknown}
Wands
 x - a wand of paralysis (9)
Scrolls
 h - a scroll of enchant weapon {unknown}
 i - a scroll of fog {unknown}
 l - 2 scrolls of teleportation {unknown}
 o - 2 scrolls of identify {unknown}
 p - 2 scrolls of remove curse {unknown}
 q - a scroll of fear {unknown}
 r - 2 scrolls of magic mapping {unknown}
 t - a scroll of enchant armour {unknown}
 y - a scroll of random uselessness {unknown}
Potions
 c - a potion of stabbing
 s - a potion of flight {unknown}
Comestibles
 b - 5 rations
 v - 2 chunks of flesh


   Skills:
 + Level 3.5 Fighting
 * Level 5.4 Long Blades
 + Level 0.6 Throwing
 + Level 3.4 Dodging
 + Level 4.8 Stealth


You had 5 spell levels left.
You didn't know any spells.
Your spell library was empty.

Dungeon Overview and Level Annotations

Branches:
Dungeon (3/15)

Altars:
Ashenzari
Zin

Annotations:
D:2 Sigmund
D:3 Ijyb


Innate Abilities, Weirdness & Mutations

You cannot wear most types of armour.
You are very stealthy in the water. (Stealth+)
((You are amphibious.))
You can wear up to eight rings at the same time.
((You can use your tentacles to constrict eight enemies at once.))
((Your skin changes colour to match your surroundings (Stealth+).))
((Your rubbery body absorbs attacks. (AC +1, EV +1)))


Message History

You hit Ijyb but do no damage.
Ijyb is moderately wounded.
Ijyb hits you but does no damage.
You hit Ijyb but do no damage.
Ijyb is moderately wounded.
Ijyb hits you but does no damage.
You hit Ijyb but do no damage.
Ijyb is moderately wounded.
Ijyb zaps a wand.
The bolt of acid hits you! You resist.
* * * LOW HITPOINT WARNING * * *
The acid corrodes you!
You are splashed with acid.
You resist.
* * * LOW HITPOINT WARNING * * *
You barely miss Ijyb.
Ijyb is moderately wounded.
Ijyb hits you with a +0 dagger.
* * * LOW HITPOINT WARNING * * *
You closely miss Ijyb.
Ijyb is moderately wounded.
Ijyb zaps a wand.
The bolt of acid hits you! You resist.
You die...

.# .#
#..##########.##.#÷
.# .#
#.............##.#.
.####### >#
#.###########.##...
[......# .# #.#
#...... .#####.# .#
#.### #.##.##
.#####.. .# #...#
#.##.# ........
###.# ..##.#
.#######
..#.####.####.#
#####.# .#######
.......♣......# #.#
........
...#..g...##### #.#
########
#...###..... .# ###
#...(... ########


You could see Ijyb.

Vanquished Creatures
  A crimson imp (D:3)
  An orc wizard (D:3)
  Jessica (D:2)
  Terence (D:2)
  A worker ant (D:3)
  A hound skeleton (D:2)
  2 adders
  4 oozes (D:1)
  4 worms
  A dart slug (D:2)
  5 orcs (D:3)
  7 bats
  8 giant cockroaches
  8 goblins
  6 hobgoblins
  3 jackals
  A frilled lizard (D:1)
  5 kobolds
  11 rats
71 creatures vanquished.

Notes
Turn   | Place    | Note
-------+----------+-------------------------------------------
     0 | D:1      | 2bobheroes the Octopode Monk began the quest for the Orb.
     0 | D:1      | Reached XP level 1. HP: 16/16 MP: 1/1
     1 | D:1      | Found a runed translucent door.
   168 | D:1      | Reached XP level 2. HP: 21/21 MP: 2/2
   928 | D:1      | Reached XP level 3. HP: 26/26 MP: 3/3
  1327 | D:1      | Reached XP level 4. HP: 24/31 MP: 4/4
  1428 | D:2      | Reached skill level 4 in Long Blades
  1541 | D:2      | Noticed Sigmund
  1648 | D:2      | Noticed Jessica
  1655 | D:2      | Killed Jessica
  1660 | D:2      | Noticed Terence
  1672 | D:2      | Killed Terence
  1672 | D:2      | Reached XP level 5. HP: 16/36 MP: 5/5
  1938 | D:2      | Found a shattered altar of Ashenzari.
  1938 | D:2      | Found a glowing silver altar of Zin.
  2655 | D:3      | Reached skill level 5 in Long Blades
  2657 | D:3      | Reached XP level 6. HP: 33/42 MP: 6/6
  3116 | D:3      | Noticed Ijyb
  3129 | D:3      | HP: 2/63 [acid (6)]
  3131 | D:3      | Killed from afar by Ijyb

Illustrated notes

Levels and vault maps discovered:
D:1:      dpeg_arrival_caged_fury, layout_basic, minmay_misc_feat_alley,
          chequers_mini_garden, minmay_pentomino_s4
D:2:      layout_basic, gammafunk_temple_overflow_wave, first_ration,
          uniq_sigmund, uniq_terence, uniq_jessica
D:3:      layout_loops_ring, uniq_ijyb

Skill      XL: |  1  2  3  4  5 |
---------------+----------------+-----
Stealth        | 3 4 |  4.8
Long Blades    | 4 5 |  5.4
Fighting       | |  3.5
Throwing       | |  0.6
Dodging        | |  3.4

Action                   |  1- 3 |  4- 6 || total
-------------------------+-------+-------++-------
Melee: Falchion          |    72 |    83 ||   155
       Tentacles         |    12 |    18 ||    30
       Constrict         |    17 |    27 ||    44
Throw: Stone             |     9 |       ||     9
  Use: Potion            |       |     4 ||     4
 Stab: Sleeping          |    10 |    11 ||    21
       Distracted        |     1 |     1 ||     2
  Eat: Chunk             |     1 |     6 ||     7
Armor: Skin              |     6 |     7 ||    13
Dodge: Dodged            |    37 |    36 ||    73
       Rpst.: Falchion   |    13 |     7 ||    20
